 Dungeon Crawl Stone Soup version 0.28.0 (webtiles) character file.

Game seed: 4343686051335370327

59 shoop the Changer (level 3, -6/15 HPs)
             Began as a Felid Transmuter on Feb 15, 2022.
             Mangled by Sigmund (9 damage)
             ... on level 3 of the Dungeon.
             The game lasted 00:04:51 (3434 turns).

shoop the Changer (Felid Transmuter)                Turns: 3434, Time: 00:04:52

Health: -6/15      AC:  2    Str:  8    XL:     3   Next: 78%
Magic:  5/7        EV: 20    Int: 20    God:
Gold:   175        SH:  0    Dex: 21    Spells: 2/6 levels left
                                        Lives:  0   Deaths: 0

rFire   . . .      SeeInvis +     - Unarmed
rCold   . . .      Faith    .   (shield unavailable)
rNeg    . . .      Spirit   .   (armour unavailable)
rPois   .          Reflect  .   (helmet unavailable)
rElec   .          Harm     .   (cloak unavailable)
rCorr   .          Rampage  .   (gloves unavailable)
Will    .....                   (boots unavailable)
Stlth   ++........              (no amulet)
HPRegen 0.05/turn               c - ring of poison resistance
MPRegen 0.10/turn               g - +6 ring of intelligence

@: spider-form
A: venomous fangs, tiny, (claws 1), (fangs 3), see invisible, (speed 1), (shaggy
fur 1), (stealthy paws), no weapons or thrown items, no armour, multi-lived
a: End Transformation


You were on level 3 of the Dungeon.
You were a venomous arachnid creature.
You visited 1 branch of the dungeon, and saw 3 of its levels.

You collected 175 gold pieces.

Inventory:

Jewellery
 c - a ring of poison resistance (left front leg)
 g - a +6 ring of intelligence (right front leg)
Scrolls
 a - 5 scrolls of identify {unknown}
 b - a scroll of summoning {unknown}
 d - 2 scrolls of teleportation {unknown}
 e - 2 scrolls of enchant armour {unknown}
Potions
 f - a potion of flight {unknown}


   Skills:
 - Level 1.0 Fighting
 - Level 2.6 Dodging
 - Level 2.0 Stealth
 - Level 3.0 Unarmed Combat
 - Level 2.0 Spellcasting
 + Level 3.7 Transmutations
 * Level 1.3 Poison Magic


You had 2 spell levels left.
You knew the following spells:

 Your Spells              Type           Power      Damage    Failure   Level
a - Beastly Appendage     Tmut           34%        N/A       11%         1
b - Spider Form           Tmut/Pois      12%        N/A       36%         3

Your spell library contained the following spells:

 Spells                   Type           Power      Damage    Failure   Level
 Wereblood                Tmut           17%        N/A       14%         2
 Ice Form                 Ice/Tmut       9%         N/A       78%         4


Dungeon Overview and Level Annotations

Branches:
Dungeon (3/15)

Altars:

Annotations:
D:3 exclusion: kobold, Ijyb, Jessica, Natasha, Sigmund


Innate Abilities, Weirdness & Mutations

You are a venomous arachnid creature.
You have poisonous fangs.
You are tiny and dextrous.
Your spellcasting is less reliable in this form.
((You have sharp claws.))
((You have razor-sharp teeth.))
You have supernaturally acute eyesight. (SInv)
((You cover ground quickly. (Speed+)))
((You are covered in fur. (AC +1)))
((Your paws help you pounce on unaware monsters.))
You are incapable of wielding weapons or throwing items.
You cannot wear armour.
You gain extra lives every three experience levels.


Message History

The spell is potentially lethal to miscast (17% risk of failure)!
Continue anyway?
You turn into a venomous arachnid creature.
Sigmund gestures at you while chanting. You resist with some effort.
You hit Sigmund.
Sigmund is poisoned.
Sigmund is lightly wounded.
Sigmund completely misses you.
You hit Sigmund.
Sigmund looks as sick as possible!
Sigmund is moderately wounded.
You hit Sigmund.
Sigmund looks as sick as possible!
Sigmund is moderately wounded.
Sigmund gestures at you while chanting. The puff of flame hits you.
You hit Sigmund but do no damage.
Sigmund looks as sick as possible!
Sigmund is heavily wounded.
Sigmund completely misses you.
You hit Sigmund.
Sigmund is heavily wounded.
You hit Sigmund but do no damage.
Sigmund looks as sick as possible!
Sigmund is severely wounded.
Sigmund gestures at you while chanting. The magic dart hits you!
* * * LOW HITPOINT WARNING * * *
You hit Sigmund.
Sigmund looks as sick as possible!
Sigmund is severely wounded.
Sigmund misses you.
You hit Sigmund but do no damage.
Sigmund looks as sick as possible!
Sigmund is severely wounded.
Sigmund closely misses you.
You hit Sigmund but do no damage.
Sigmund looks as sick as possible!
Sigmund is severely wounded.
You hit Sigmund.
Sigmund looks as sick as possible!
Sigmund is almost dead.
Sigmund casts a spell at you. You resist with some effort.
You hit Sigmund but do no damage.
Sigmund looks as sick as possible!
Sigmund is almost dead.
Sigmund hits you with a +1 vorpal scythe!
Ouch! That really hurt!
You die...

.........#+###########
..##.#....
###.##........#
..##......
..............#
.>........
###.##........# ## #
##..### #
#.##..####### ###.#.#
#.. # ###.##..###
..... .. ...
........... ... ...
#######.### ####.##.#
.### ..# #.# #..s....#
.
#######.######.##@##.#
#
......................
#
###.###.#.####.##.##.#
#.# #.#.# #.# .# # #
###.###.#.####.# .# #
............##.# .# ..
.##.#####.#.##.# .# #
#.# #.#.##.# #


You could see Sigmund (extremely poisoned).

Vanquished Creatures
  An adder (D:2)
  2 dart slugs (D:1)
  An orc (D:3)
  6 ball pythons
  4 bats
  2 endoplasms (D:1)
  2 giant cockroaches (D:1)
  5 goblins
  2 hobgoblins
  2 jackals (D:1)
  3 frilled lizards
  5 kobolds
  6 rats
41 creatures vanquished.

Notes
Turn   | Place    | Note
-------+----------+-------------------------------------------
     0 | D:1      | shoop the Felid Transmuter began the quest for the Orb.
     0 | D:1      | Reached XP level 1. HP: 9/9 MP: 4/4
    62 | D:1      | Reached skill level 1 in Stealth
   179 | D:1      | Reached XP level 2. HP: 10/12 MP: 6/6
  1644 | D:2      | Reached XP level 3. HP: 12/15 MP: 5/7
  1648 | D:2      | Learned a level 3 spell: Spider Form
  2034 | D:2      | Found a faded altar of an unknown god.
  2053 | D:2      | Reached skill level 1 in Poison Magic
  3026 | D:3      | Noticed Natasha
  3122 | D:3      | Noticed Sigmund
  3229 | D:3      | Noticed Jessica
  3314 | D:3      | Noticed Ijyb
  3434 | D:3      | Mangled by Sigmund

Illustrated notes

Levels and vault maps discovered:
D:1:      tarquinn_simple_flora_water_f, layout_basic
D:2:      layout_basic, nicolae_ecumenical_oubliette, glass_columns_a
D:3:      layout_basic, uniq_jessica, uniq_ijyb, uniq_natasha, uniq_sigmund

Skill      XL: |  1  2  3 |
---------------+----------+-----
Stealth        | 2 |  2.0
Transmutations | 3 |  3.7
Poison Magic   | 1 |  1.3
Fighting       | |  1.0
Dodging        | |  2.6
Unarmed Combat | |  3.0
Spellcasting   | |  2.0

Action                   || total
-------------------------++-------
Melee: Unarmed           ||   124
       Bite              ||    13
       Headbutt          ||     3
 Cast: Beastly Appendage ||    17
       Spider Form       ||     1
 Stab: Sleeping          ||    10
Armor: Skin              ||     3
Dodge: Dodged            ||    82
